Cogmind - Beta 16 @@@ ROGUE MODE // 2025.11.27 @ 22:31:21 Player: Kathisto Result: Self-destructed Performance ------------- Evolutions (1) 500 Regions Visited (6) 1200 Robots Destroyed (51) 255 Value Destroyed (1361) 1361 Prototype IDs (24) 480 Alien Tech Used (0) 0 Bonus (671) 671 TOTAL SCORE: 4467 Bonus ------- Follower Combat Kills 371 Aligned with FarCom 300 Cogmind --------- Core Integrity 77/400 Matter 274/300 Energy 100/100 System Corruption 0% Temperature Cool (0) Movement Core (100) Ox1 Location -8/Mines Parts ------- > --- POWER (1) -------- (None) > --- PROPULSION (2) --- (None) > --- UTILITY (2) ------ Improved Targeting Computer > --- WEAPON (4) ------- Improved Assault Rifle Grenade Launcher > --- INVENTORY (5) ---- Improved Ion Engine Light Treads High-capacity Storage Unit Large Matter Pod (150) Improved Assault Rifle Peak State ------------ > --- POWER ------------ Light Ion Engine > --- PROPULSION ------- Light Treads Light Treads > --- UTILITY ---------- Huge Storage Unit Improved Targeting Computer > --- WEAPON ----------- Autogun Autogun Improved Assault Rifle Improved Assault Rifle > --- INVENTORY -------- Ion Engine Improved Ion Engine Improved Ion Engine Nuclear Core Light Fission Core Light Treads Light Treads Compact Wheel Improved Heat Sink Improved Heat Sink Large Storage Unit Large Matter Pod Light Assault Rifle Light Assault Rifle Autogun Autogun Improved Assault Rifle Improved Assault Rifle Improved Assault Rifle Improved Assault Rifle Improved Assault Rifle Slug Cannon Grenade Launcher Rocket Launcher Rocket Launcher [Rating: 21] Favorites ----------- Power Light Ion Engine Engine Light Ion Engine Propulsion Light Treads Treads Light Treads Wheel Compact Wheel Utility Improved Targeting Computer Device Improved Heat Sink Storage Huge Storage Unit Processor Improved Targeting Computer Protection Light Armor Plating Weapon Autogun Energy Gun Medium Laser Ballistic Gun Autogun Launcher Grenade Launcher Build | -11 -10 -10 -9 -9 -9 -8 ------- Run | Yrd Mat Min Mat Min Exi Min Slots Evolved 2 | . . . 2 . . . Power . | . . . . . . . Propulsion . | . . . . . . . Utility . | . . . . . . . Weapon 2 | . . . 2 . . . Parts Attached 35 | 7 10 3 13 . 1 1 Power 4 | 1 2 . 1 . . . Engine 4 | 1 2 . 1 . . . Core . | . . . . . . . Reactor . | . . . . . . . Propulsion 7 | 2 2 . 3 . . . Treads 6 | 2 1 . 3 . . . Leg . | . . . . . . . Wheel 1 | . 1 . . . . . Hover . | . . . . . . . Flight . | . . . . . . . Utility 8 | 1 3 1 2 . . 1 Device 1 | . . 1 . . . . Storage 4 | 1 2 . 1 . . . Processor 2 | . . . 1 . . 1 Hackware . | . . . . . . . Protection 1 | . 1 . . . . . Artifact . | . . . . . . . Weapon 16 | 3 3 2 7 . 1 . Energy Gun 1 | 1 . . . . . . Energy Cannon . | . . . . . . . Ballistic Gun 13 | 2 3 1 7 . . . Ballistic Cannon . | . . . . . . . Launcher 2 | . . 1 . . 1 . Special Weapon . | . . . . . . . Impact Weapon . | . . . . . . . Slashing Weapon . | . . . . . . . Piercing Weapon . | . . . . . . . Special Melee Weapon . | . . . . . . . Unidentified Prototypes 1 | . . . 1 . . . Parts Lost 15 | . 2 2 6 . 4 1 Power 2 | . . . 1 . 1 . Propulsion 6 | . 1 . 3 . 2 . Utility . | . . . . . . . Weapon 7 | . 1 2 2 . 1 1 Highest Loss Streak 5 | . 1 2 3 . 4 5 To Critical Strikes 2 | . . . . . 2 . Average Backups 18 | 2 8 14 15 22 23 5 Power 3 | . 1 2 2 3 5 1 Propulsion 2 | . . 1 1 3 2 1 Utility 2 | . . 1 2 3 4 2 Weapon 10 | . 5 10 9 13 10 1 Tool/Special . | . . . . . . . Unused Backups 22 | . 1 . . . 16 5 Power 6 | . 1 . . . 4 1 Propulsion 2 | . . . . . 1 1 Utility 6 | . . . . . 4 2 Weapon 8 | . . . . . 7 1 Tool/Special . | . . . . . . . Average Slot Usage (%) 98 | . 96 99 97 100 99 34 Engine 11 | . 14 14 10 11 10 . Treads 22 | . 27 28 15 22 21 . Device 1 | . . 13 1 . . . Storage 11 | . 14 14 11 11 10 . Processor 7 | . . . 9 11 11 11 Protection 1 | . 10 . . . . . Ballistic Gun 38 | . 23 27 43 44 43 12 Peak Build Rating 21 | 6 10 13 20 20 21 8 Average Rating 16 | 5 7 11 15 20 20 6 On Entrance 10 | . 6 10 12 20 20 8 Avg Prop Armor Cover (%) 8 | . 9 . 8 . . . Naked Turns . | . . . . . . . Heaviest Build 95 | 11 34 34 95 95 95 9 Greatest Support 40 | 40 40 40 40 40 40 3 Greatest Overweight (x) 5 | . 1 . 5 2 4 2 Average Overweight (x) 1 | . . . 2 2 2 1 Largest Inventory Capacity 25 | 8 15 15 25 25 25 5 Average Capacity 20 | 7 13 15 19 25 24 5 Most Carried 25 | 3 15 15 22 23 25 5 Average Carried 18 | 2 8 14 15 22 23 5 Final Capacity 25 | 8 15 15 25 25 5 5 Final Carried 23 | 3 15 14 22 23 5 5 Class Distribution -------------------- 71% | Gunner 28% | Mutant Dominant Class ---------------- Mutant | -10/Materials Mutant | -10/Mines Gunner | -9/Materials Gunner | -9/Mines Gunner | -9/Exiles Mutant | -8/Mines Resources | -11 -10 -10 -9 -9 -9 -8 ----------- Run | Yrd Mat Min Mat Min Exi Min Matter Collected 1509 | 278 404 176 512 80 . 59 Remotely . | . . . . . . . Salvage Created 1882 | 68 630 227 859 58 40 . Parts 111 | . 31 16 59 5 . . Haulers Intercepted 3 | . 1 . 2 . . . Recyclers Shooed 8 | . 5 . 3 . . . Parts Field Recycled . | . . . . . . . Retrieved Matter . | . . . . . . . Parts Self-Destructed . | . . . . . . . Prevented . | . . . . . . . Parts Restored . | . . . . . . . Kills | -11 -10 -10 -9 -9 -9 -8 ------- Run | Yrd Mat Min Mat Min Exi Min Combat Hostiles Destroyed 43 | . 12 7 19 2 3 . Guns 43 | . 12 7 19 2 3 . Classes Destroyed 10 | 1 3 2 1 2 1 . Worker 2 | . . 1 1 . . . Tunneler 1 | . . . . 1 . . Hauler 3 | . 1 . 2 . . . Recycler 2 | 1 . . 1 . . . Watcher 3 | . 2 . 1 . . . Swarmer 9 | . . 3 6 . . . Grunt 28 | . 12 4 11 1 . . Sentry 2 | . . . 2 . . . Demolisher 1 | . . . . 1 . . Assembled 3 | . . . . . 3 . Best Kill Streak 6 | 1 3 3 6 1 3 . Combat Bots Only 6 | . 3 3 6 1 3 . Max Kills in Single Turn 2 | 1 2 1 2 1 2 . Gunslinging 1 | . 1 . 1 . 1 . Exploded . | . . . . . . . Melee . | . . . . . . . Uniques/NPCs Destroyed . | . . . . . . . Combat | -11 -10 -10 -9 -9 -9 -8 -------- Run | Yrd Mat Min Mat Min Exi Min Hostile Shots Fired 240 | . 61 41 71 3 49 15 Missed 55 | . 9 15 12 1 9 9 Hits 185 | . 52 26 59 2 40 6 Melee 8 | . . . 5 . 3 . Projectile 177 | . 52 26 54 2 37 6 Critical Strikes 12 | . 2 1 2 . 7 . Damage Taken 2530 | . 620 321 785 31 667 106 Core 484 | . 109 52 136 15 134 38 Absorbed by Shields . | . . . . . . . Core Remaining (%) 67 | 100 . 35 . . . . Volleys Fired 164 | 11 61 27 51 5 9 . Largest 4 | 2 2 2 4 4 3 . Hottest 92 | 70 70 40 92 92 69 . Shots Fired 440 | 22 122 52 203 20 21 . Gun 438 | 22 122 52 203 20 19 . Cannon . | . . . . . . . Launcher 2 | . . . . . 2 . Special . | . . . . . . . Kinetic 390 | 11 85 52 203 20 19 . Thermal 48 | 11 37 . . . . . Explosive 2 | . . . . . 2 . Electromagnetic . | . . . . . . . Robot Hit Streak 17 | 5 17 8 15 13 4 . Robot Miss Streak 4 | 3 4 2 3 1 2 . Penetration Max . | . . . . . . . Secondary Targets 12 | . 3 . 7 . 2 . Max Gunslinging Chain 2 | . 1 . 2 . 1 . Shots Hit Robots 300 | 12 88 31 140 15 14 . Core Hits 120 | 2 38 14 52 7 7 . Critical Kills . | . . . . . . . Critical Parts Destroyed 1 | . 1 . . . . . Critical Strikes 4 | . 4 . . . . . Burn 3 | . 3 . . . . . Destroy 1 | . 1 . . . . . Melee Attacks . | . . . . . . . Impact . | . . . . . . . Slashing . | . . . . . . . Piercing . | . . . . . . . Sneak Attacks . | . . . . . . . Combat Hostiles . | . . . . . . . Follow-up Attacks . | . . . . . . . Damage Inflicted 3745 | 132 1124 373 1531 330 255 . Guns 3574 | 125 1069 365 1531 270 214 . Cannons . | . . . . . . . Explosions 41 | . . . . . 41 . Melee . | . . . . . . . Ramming 130 | 7 55 8 . 60 . . Kinetic 3160 | 61 719 365 1531 270 214 . Thermal 414 | 64 350 . . . . . Explosive 41 | . . . . . 41 . Electromagnetic . | . . . . . . . Impact . | . . . . . . . Slashing . | . . . . . . . Piercing . | . . . . . . . Highest Corruption . | . . . . . . . Average Corruption . | . . . . . . . Corruption Purged . | . . . . . . . Corruption Blocked . | . . . . . . . Overload Shots . | . . . . . . . Overflow Damage . | . . . . . . . Projectiles . | . . . . . . . Explosions . | . . . . . . . Melee . | . . . . . . . Knockbacks 1 | . 1 . . . . . Impact 1 | . 1 . . . . . Kinetic . | . . . . . . . Secondary . | . . . . . . . Self-Inflicted Damage 20 | . . . . . 20 . Shots 1 | . . . . . 1 . Rammed 23 | 1 10 4 . 8 . . Targets Rammed 23 | 1 10 4 . 8 . . Kicked . | . . . . . . . Crushed . | . . . . . . . Highest Temperature 303 | 120 303 42 288 30 22 . Average Temperature 76 | 48 89 31 83 15 15 . Received Heat Transfer 988 | . 420 180 276 18 40 54 Effects 2 | . 1 . 1 . . . Energy Bleed 2 | . 1 . 1 . . . Siege Activations . | . . . . . . . Martial Activations . | . . . . . . . Shielding Activations . | . . . . . . . Robots Disrupted . | . . . . . . . Combat Hostiles . | . . . . . . . Robots Corrupted . | . . . . . . . Combat Hostiles . | . . . . . . . Parts Fried . | . . . . . . . Impact Corruptions . | . . . . . . . Robots Melted . | . . . . . . . Combat Hostiles . | . . . . . . . Parts Melted 2 | . 2 . . . . . Heat Transferred 1443 | 185 1258 . . . . . Parts Sabotaged . | . . . . . . . Parts Stolen . | . . . . . . . Parts Stripped . | . . . . . . . Power Chain Reactions . | . . . . . . . Alert | -11 -10 -10 -9 -9 -9 -8 ------- Run | Yrd Mat Min Mat Min Exi Min Maximum Alert Level 1 | . . . 1 . . . Low Security (%) 92 | 100 100 100 42 100 . 100 Level 1 7 | . . . 57 . . . Level 2 . | . . . . . . . Level 3 . | . . . . . . . Level 4 . | . . . . . . . Level 5 . | . . . . . . . High Security . | . . . . . . . Max Security . | . . . . . . . Peak Influence 291 | 5 92 73 291 189 . 45 Initial 90 | . 3 8 . 90 . . Average 51 | . 26 18 163 43 . 16 Influence Increases 1620 | 5 351 190 544 485 . 45 Destroy 0b10 Robot/C 1100 | . 240 140 380 340 . . Destroy 0b10 Robot/NC 55 | 5 15 5 25 5 . . Destroy Leader 232 | . 66 30 76 60 . . Allied During Kill 50 | . . . . 50 . . Successful Hack 2 | . . . 2 . . . Disable Machine 15 | . . 15 . . . . Destroy Structure 1 | . . . 1 . . . Lose Combat Pursuer 165 | . 30 . 60 30 . 45 Influence Decreases 1595 | . 334 212 312 586 131 20 Entered New Map 289 | . 2 14 . 142 131 . Time Decay 1166 | . 312 178 252 404 . 20 Lost Part 100 | . 20 20 60 . . . Lost Ally 40 | . . . . 40 . . Squads Dispatched 4 | . 2 . 2 . . . Investigation 1 | . . . 1 . . . Extermination . | . . . . . . . Reinforcement 3 | . 2 . 1 . . . Assault . | . . . . . . . Garrison . | . . . . . . . Intercept . | . . . . . . . Searches Triggered . | . . . . . . . Construction Impeded 1 | . . . 1 . . . Haulers Reinforced . | . . . . . . . Active Scanning Responses . | . . . . . . . Cargo Convoy Interrupts . | . . . . . . . Stealth | -11 -10 -10 -9 -9 -9 -8 --------- Run | Yrd Mat Min Mat Min Exi Min Distress Signals 6 | . . . 5 1 . . Communications Jammed . | . . . . . . . Distress Signals . | . . . . . . . Times Spotted 97 | . 31 6 32 17 7 4 Peak Tracking Total 9 | . 3 3 6 2 9 3 Tactical Retreats 7 | . 2 . 2 2 . 1 Traps | -11 -10 -10 -9 -9 -9 -8 ------- Run | Yrd Mat Min Mat Min Exi Min Traps Triggered 1 | . . . 1 . . . Indirectly . | . . . . . . . Trap Hack Attempts . | . . . . . . . Triggered . | . . . . . . . Disarmed . | . . . . . . . Reprogrammed . | . . . . . . . Reused . | . . . . . . . Traps Extracted . | . . . . . . . Installed . | . . . . . . . Triggered . | . . . . . . . Machines | -11 -10 -10 -9 -9 -9 -8 ---------- Run | Yrd Mat Min Mat Min Exi Min Machines Disabled 2 | . . 1 . . 1 . Max in Single Turn 1 | . . 1 . . 1 . Machines Repaired . | . . . . . . . Machines Dismantled . | . . . . . . . Machines Sabotaged . | . . . . . . . Overloaded Fab Kills . | . . . . . . . Hacking | -11 -10 -10 -9 -9 -9 -8 --------- Run | Yrd Mat Min Mat Min Exi Min Machines Accessed 3 | . . . 2 . 1 . Terminals . | . . . . . . . Fabricators . | . . . . . . . Repair Stations . | . . . . . . . Recycling Units 1 | . . . 1 . . . Scanalyzers 1 | . . . 1 . . . Garrison Access . | . . . . . . . Total Hacks 6 | . . . 5 . 1 . Successful 3 | . . . 2 . 1 . Failed 2 | . . . 2 . . . Catastrophic . | . . . . . . . Database Lockouts 1 | . . . 1 . . . Manual 1 | . . . . . 1 . Terminals . | . . . . . . . Fabricators . | . . . . . . . Repair Stations . | . . . . . . . Recycling Units 2 | . . . 2 . . . Scanalyzers 3 | . . . 3 . . . Garrison Access . | . . . . . . . Terminal Hacks 1 | . . . . . 1 . Proto ID Catalog 1 | . . . . . 1 . Fabricator Hacks . | . . . . . . . Repair Station Hacks . | . . . . . . . Recycling Unit Hacks 1 | . . . 1 . . . Retrieve Components 1 | . . . 1 . . . Scanalyzer 1 | . . . 1 . . . Retrieve Study 1 | . . . 1 . . . Garrison Access Hacks . | . . . . . . . Unauthorized Hacks . | . . . . . . . Terminals . | . . . . . . . Fabricators . | . . . . . . . Repair Stations . | . . . . . . . Recycling Units . | . . . . . . . Scanalyzers . | . . . . . . . Garrison Access . | . . . . . . . Data Cores Recovered . | . . . . . . . Used . | . . . . . . . Hacking Detections 1 | . . . 1 . . . Full Trace Events . | . . . . . . . Feedback Events . | . . . . . . . Feedback Blocked . | . . . . . . . Robot Schematics Acquired . | . . . . . . . Robots Built . | . . . . . . . Authchips . | . . . . . . . Time . | . . . . . . . Total Robot Build Rating . | . . . . . . . Part Schematics Acquired . | . . . . . . . Parts Built . | . . . . . . . Authchips . | . . . . . . . Time . | . . . . . . . Total Part Build Rating . | . . . . . . . Part Studies Acquired 1 | . . . 1 . . . Parts Repaired . | . . . . . . . Time . | . . . . . . . Parts Recycled . | . . . . . . . Recycled Matter . | . . . . . . . Retrieved Matter . | . . . . . . . Retrieved Components . | . . . . . . . Parts Scanalyzed . | . . . . . . . Part Schematics Acquired . | . . . . . . . Parts Damaged . | . . . . . . . Bothacking | -11 -10 -10 -9 -9 -9 -8 ------------ Run | Yrd Mat Min Mat Min Exi Min Used RIF Installer . | . . . . . . . Robots Hacked . | . . . . . . . Non-combat . | . . . . . . . Combat . | . . . . . . . Robot Hacks Applied . | . . . . . . . Relay Couplers Released . | . . . . . . . Fabnet Peak Effective % . | . . . . . . . Robots Rewired . | . . . . . . . Allies Hacked . | . . . . . . . Hacks Repelled . | . . . . . . . Allies | -11 -10 -10 -9 -9 -9 -8 -------- Run | Yrd Mat Min Mat Min Exi Min Total Allies 5 | . . . . 5 . . Largest Group 3 | . . . . 3 2 . Highest-Rated Group 68 | . . . . 68 52 . Highest-Rated Ally 31 | . . . . 31 31 . Total Orders . | . . . . . . . Ally Attacks 50 | . . . . 50 . . Total Damage 640 | . . . . 640 . . Kills 16 | . . . . 16 . . Allies Corrupted . | . . . . . . . Allies Melted . | . . . . . . . Intel | -11 -10 -10 -9 -9 -9 -8 ------- Run | Yrd Mat Min Mat Min Exi Min Active Infowar (turns) 4 | . . . . . . 4 Optics 4 | . . . . . . 4 Robot Analysis Total . | . . . . . . . Derelict Logs Recovered 1 | . . . . 1 . . Drone Launches . | . . . . . . . Drone Recoveries . | . . . . . . . Exploration | -11 -10 -10 -9 -9 -9 -8 ------------- Run | Yrd Mat Min Mat Min Exi Min Turns Passed 7567 | 139 1242 741 799 3150 1407 89 Spaces Moved 2835 | 69 624 408 368 846 435 85 Core 113 | 15 . . . . 13 85 Treads 2500 | 54 586 408 184 846 422 . Legs . | . . . . . . . Wheels 222 | . 38 . 184 . . . Hover . | . . . . . . . Flight . | . . . . . . . Fastest Speed 50 | 50 115 160 115 320 150 100 Average Speed 229 | 136 157 160 163 320 314 101 Slowest Speed 480 | 160 160 160 480 320 480 150 Overloaded Moves . | . . . . . . . Propulsion Burnouts . | . . . . . . . Robots Hopped . | . . . . . . . Potential Cave-ins . | . . . . . . . Cave-ins Triggered . | . . . . . . . Exploration Rate (%) 60 | 6 95 86 40 100 67 27 Regions Visited 6 Branch Regions 4 Pre-discovered Areas 1 | . . . . 1 . . Known Exits Taken . | . . . . . . . Unknown Exits Taken 6 | 1 1 1 1 1 1 . Scrap Searched 3 | . . 1 . 1 . 1 Spaces Dug . | . . . . . . . Terrain Destroyed 9 | . . . . . 9 . Melee . | . . . . . . . Projectile . | . . . . . . . AOE 9 | . . . . . 9 . Terrain Rammed . | . . . . . . . Walls Destroyed . | . . . . . . . Machines Disabled . | . . . . . . . Actions | -11 -10 -10 -9 -9 -9 -8 --------- Run | Yrd Mat Min Mat Min Exi Min Total 3584 | 90 765 444 472 1262 464 87 Wait 465 | . 41 . 21 403 . . Move 2829 | 68 623 407 367 845 434 85 Hop . | . . . . . . . Pick Up 40 | 3 13 1 14 1 8 . Fast Attach 14 | 6 4 . 3 . . 1 Attach 12 | . 2 2 8 . . . Detach . | . . . . . . . Swap 17 | 1 5 3 7 . 1 . Drop 20 | . 6 . 1 . 12 1 Fire 164 | 11 61 27 51 5 9 . Melee . | . . . . . . . Ram . | . . . . . . . Kick . | . . . . . . . Crush 23 | 1 10 4 . 8 . . Escape Stasis . | . . . . . . . Rewire . | . . . . . . . Trap . | . . . . . . . Miscellaneous . | . . . . . . . Route ------- -11/Scrapyard -10/Materials (discovered 5 exits: *Mat x3 / [*Min x2]) -10/Mines -9/Materials -9/Mines (discovered 3 exits: [*Mat x2] / *Exi) -9/Exiles -8/Mines History --------- Turn | Location | Event 5 | -11/Scrapyard | Discovered new exit (range 16) 140 | -11/Scrapyard | Entered Materials 209 | -10/Materials | Discovered new exit (range 6) 312 | -10/Materials | Build established: Mutant 477 | -10/Materials | Discovered new exit (range 6) 792 | -10/Materials | Discovered new exit (range 3) 1013 | -10/Materials | Discovered new exit (range 10) 1128 | -10/Materials | Discovered new exit (range 5) 1382 | -10/Materials | Entered Mines 1513 | -10/Mines | Core integrity fell below 50% 1531 | -10/Mines | A weapon hastily lodged in a ceiling crevice suddenly fell to the ground 1692 | -10/Mines | Discovered new exit (range 8) 2123 | -10/Mines | Entered Materials 2123 | -9/Materials | Evolved 2 slots: Weapon x2 2140 | -9/Materials | Central database locked down 2412 | -9/Materials | Build established: Gunner 2552 | -9/Materials | Lost 3 parts (1n2w) 2694 | -9/Materials | Discovered new exit (range 12) 2922 | -9/Materials | Entered Mines 2935 | -9/Mines | Assisted by bots powering up and referring to "LRC-V3" 3047 | -9/Mines | Discovered new exit (range 12) 3067 | -9/Mines | Discovered new exit (range 10) 3243 | -9/Mines | Learned location of 1 exit from Proximity Caves 3422 | -9/Mines | Received a Rocket Launcher from a helpful Derelict 3878 | -9/Mines | Learned location of Storage (-7) 4252 | -9/Mines | Assembled infested the area 4257 | -9/Mines | Assisted by a Guerilla fighting off Assembled 6011 | -9/Mines | Found a hidden stash of uninstalled traps 6052 | -9/Mines | Deemed a non-threat by the Exiles lab entrance 6056 | -9/Mines | Discovered new exit (range 5) 6072 | -9/Mines | Entered Exiles 6072 | -9/Exiles | Accompanied by 2 allies 6102 | -9/Exiles | Led the pair of lost Derelicts to a safe place 6146 | -9/Exiles | Met 8R-AWN 6285 | -9/Exiles | Met EX-HEX 6410 | -9/Exiles | Met EX-DEC 6878 | -9/Exiles | Met EX-BIN 6929 | -9/Exiles | Aligned with FarCom system 6932 | -9/Exiles | Given EX-Vault access code 7006 | -9/Exiles | Opened EX-Vault 7089 | -9/Exiles | Warned to stay clear of 0b10 Research branches 7372 | -9/Exiles | Attacked by the Exiles 7418 | -9/Exiles | Core integrity fell below 50% 7467 | -9/Exiles | Discovered new exit (range 10) 7479 | -9/Exiles | Entered Mines 7491 | -8/Mines | Core integrity fell below 20% 7512 | -8/Mines | Lost 5 parts (1p2n2w) 7568 | -8/Mines | Self-destructed Last Messages --------------- 07450_ Penetrated by HV Slug. 07456_ Lgt. Ion Engine destroyed. 07456_ Penetrated by HV Slug. 07458_ Dropped Huge Storage Unit. 07461_ HV Slug penetrates Earth. 07461_ HV Slug penetrates Wall. 07461_ Penetrated by HV Slug. 07461_ Critical hit (Destroy). 07461_ Lgt. Treads destroyed. 07467_ EXIT=FOUND LOCATION=UNKNOWN GOAL=ESCAPE 07481_ Autogun+ destroyed. 07529_ K-01 Serf collects debris. 07550_ Searching scrap... 07550_ Found Visual Processing Unit. 07550_ Found 59 Matter. 07551_ Acquired 59 matter. 07552_ Acquired Visual Processing Unit. 07556_ Discarded Visual Processing Unit. Map ----- +----------------------------------------------------+ | ????????????????????????????????????????????? | | ????????????????????????????????????????????? | | ????????????????????????????????????????????? | | ????????????????????????????????????????????? | | ????????????????????????????????????????????? | | ????????????????????????????????????????????? | | ????????????????????????????????????????????? | | ????????????????????????????????????????????? | | ????????????????????????????????????????????? | | ????????????????????????????????????????????? | | ???????????????????????? ??????????????????? | | ????????????????????????k ??? ??????????????? | | ???????????????????????? ???g#?????????????? | | ???????????????????????# ### #?????????????? | | ???????????????????????# #?????????????? | | ???????????????????????# #?????????????? | | ???????????????????????? #?????????????? | | ???????????????????????? ##????????????? | | ???????????????????????? ##???????????? | | ???????????????????????? #???????????? | | ???????????????????????? #???????????? | | ???????????????????????? #???????????? | | ????????????????????????# #???????????? | | ????????????????????????# #???????????? | | ???????????????????###### #???????????? | | ???????????????????# @ #????????????? | | ???????????????????# ###### ##????????????? | | ???????????????????# #???????#####??????????? | | ???????????????????# #???????## ##?????????? | | ???????????????????# #??###### ##????????? | | ???????????????????# #??# ##???????? | | ???????????????????# #??# ##### ##??????? | | ???????????????????# #### #???## ###????? | | ???????????# """ ### #????### ##???? | | ???????????# """ #### #??????## ##??? | | ???????????# #####??# #??????## """ #??? | | ???????????####?????????# #???#### """ ##?? | | ????????????????????????# #??## """ #?? | | ????????????????????????# #### #?? | | ????????????????????????# ## #?? | | ????????????????????????#### ##?# ##?? | | ???????????????????????????#### ##???###??? | | ??????????????????????????????## #?????????? | | ?????????????????????????????### #?????????? | | ##???????????????????????????# #?????????? | | #???????????????????????????# ##?????????? | | #???????????????????????##### ###??????????? | | #???????????????????????# #????????????? | | #???????????????????????# #????????????? | | ##??????????????????????# ####????????????? | +----------------------------------------------------+ Best States ------------- Heat Dissipation 42 Energy Generation 12 Energy Capacity 265 Matter Stores 300 Matter Capacity 300 Sight Range 16 Terrain Scan Density 10 Armor Coverage 150 Evasion (%) 50 Targeting Accuracy 6 Recoil Reduction 2 Item Schematics ----------------- None Robot Schematics ------------------ None Fabricated ------------ Nothing Repaired ---------- Nothing Studied --------- Autogun | -9/Materials | Hacked Alien Tech Used ----------------- None Achievements -------------- None Challenges ------------ None Game ------ Seed WarpStealthCompactor Manual? 0 Play Time 00:18:00 Cumulative 253.0 hours Start 2025.11.27 @ 22:13:43 End 2025.11.27 @ 22:31:21 Sessions 1 Manual Loads 0 Difficulty Rogue Special Mode None Game No. 140 Rogue 140 Adventurer 0 Explorer 0 Win Type - Total 30 Types 12/1/11/1/0/1/2/1/0/1 Lore% 82 Gallery% 73 Achievement% 58 Wizard Run 0 Options --------- Layout 1 ASCII 0 Keyboard 0 Movement Arrows Keybinds 0 Fullscreen 2 Font 24/Tamsyn Map View 50x35 Zoom Use 0% Tactical HUD 1 Map Filters NONE Filters NONE Steam 1 RUN: 3dfcac30-4127-4fa1-ab72-c38b06d46c4d